[Event "Moscow Open-F 2019"]
[Site "Moscow"]
[Date "2019.01.31"]
[Round "7"]
[White "Mamatov, Melis"]
[Black "Dulguun Altankhuyag"]
[Result "1-0"]
[ECO "C55"]
[WhiteElo "2203"]
[BlackElo "1681"]
[Annotator "NA"]
[PlyCount "81"]
[EventDate "2019.01.26"]
[EventType "swiss"]
[EventCountry "RUS"]
[SourceTitle "playchess.com"]
[Source "ChessBase"]
[SourceQuality "1"]
[TimeControl "40/5400+30:1800+30"]

1. e4 e5 2. Nf3 Nc6 3. Bc4 Nf6 4. d3 d6 5. c3 h6 6. O-O {[%emt 0:04:38] LiveBook: 579 Games} g5 7. b4 g4 8. Ne1 Bg7 9. Qe2 Ne7 10. f4 exf4 11. Bxf4 Ng6 12. e5 Qe7 13. d4 dxe5 14. Bxe5 O-O 15. Bxf6 Bxf6 16. Qxe7 Bxe7 17. Nd3 Bd6 18. Nd2 Kg7 19. Ne4 Be7 20. Rae1 b6 21. Ng3 f5 22. Nf4 Bd6 (22... Bh4 $16) 23. Ngh5+ Kh7 24. Nd5 Nh8 (24... Rb8 $16 25. g3 Kh8) 25. Bd3 Kg6 26. Nhf4+ Kg5 27. g3 Bd7 28. Ne6+ Bxe6 29. Rxe6 a5 30. b5 h5 31. Nxb6 Rad8 32. Nc4 Ng6 33. Ne3 Ne7 34. Kg2 f4 35. gxf4+ Rxf4 36. Rxf4 Kxf4 37. c4 Bb4 38. Nc2 Rd7 39. c5 $18 Bxc5 40. Re4+ Kg5 41. Re5+ 1-0

[Event "Moscow Open-F 2019"]
[Site "Moscow"]
[Date "2019.01.31"]
[Round "7"]
[White "Badalyan, Shavarsh"]
[Black "Tekeyev, Zaur"]
[Result "0-1"]
[ECO "A48"]
[WhiteElo "2198"]
[BlackElo "2392"]
[Annotator "NA"]
[PlyCount "110"]
[EventDate "2019.01.26"]
[EventType "swiss"]
[EventCountry "RUS"]
[SourceTitle "playchess.com"]
[Source "ChessBase"]
[SourceQuality "1"]
[TimeControl "40/5400+30:1800+30"]

1. d4 Nf6 2. Nf3 g6 3. Bg5 Bg7 4. Nbd2 O-O 5. c3 h6 6. Bh4 d6 7. e4 c5 8. dxc5 dxc5 9. Be2 Nc6 10. O-O Nh5 11. Re1 Nf4 12. Bf1 Nh5 13. Nc4 Bg4 14. Be2 Nf4 15. Ne3 Qxd1 16. Raxd1 Nxe2+ 17. Rxe2 Bxf3 18. gxf3 e6 19. Bg3 b5 20. Bd6 Rfc8 21. Bxc5 Ne5 22. Bd4 Nxf3+ 23. Kg2 Nh4+ 24. Kg3 g5 25. Bxg7 Kxg7 26. Rd7 Ng6 27. Red2 h5 28. Rb7 Rcb8 29. Rdd7 Rxb7 30. Rxb7 a6 31. Nc2 Kf6 32. Nd4 Ne5 33. f3 h4+ 34. Kg2 Nd3 35. b3 Nc1 36. a4 bxa4 37. bxa4 Rc8 38. Rb6 Rxc3 39. Rc6 Rxc6 40. Nxc6 Nd3 41. Kh3 Ne5 42. Nd4 Kg6 43. a5 Kh5 44. Kg2 g4 45. f4 Nd3 46. f5 (46. Ne2 $142 Ne1+ 47. Kh1) 46... e5 47. Nc6 Kg5 48. Nd8 Kf6 49. Nc6 Nc5 50. Nb4 Kg5 51. h3 Kf4 52. hxg4 Kxg4 53. f6 Kf4 54. Kh3 Kxe4 $19 55. Kxh4 Kf5 0-1

[Event "Moscow Open-F 2019"]
[Site "Moscow"]
[Date "2019.01.31"]
[Round "7"]
[White "Oguzov, Shamil"]
[Black "Kovalev, Egor"]
[Result "0-1"]
[ECO "B47"]
[WhiteElo "2196"]
[BlackElo "2234"]
[Annotator "NA"]
[PlyCount "80"]
[EventDate "2019.01.26"]
[EventType "swiss"]
[EventCountry "RUS"]
[SourceTitle "playchess.com"]
[Source "ChessBase"]
[SourceQuality "1"]
[TimeControl "40/5400+30:1800+30"]

1. e4 c5 2. Nf3 Nc6 3. d4 cxd4 4. Nxd4 Qc7 5. Nc3 e6 $1 6. g3 a6 7. Bg2 Nf6 8. O-O Nxd4 9. Qxd4 Bc5 10. Bf4 d6 11. Qd3 (11. Qd2 $14) 11... h6 12. Rad1 e5 13. Be3 Bg4 14. Rd2 O-O 15. h3 Be6 16. Bxc5 dxc5 17. Rfd1 b5 18. a3 Rfc8 19. Qe3 b4 20. Nd5 Bxd5 $1 21. exd5 Qd6 22. Re2 Re8 23. c4 a5 24. Ree1 Rab8 25. Ra1 a4 26. axb4 Rxb4 27. Qc3 Nd7 28. Ra3 Reb8 29. Rea1 Nb6 30. Bf1 e4 31. Re1 f5 32. g4 g6 33. Qc1 Kh7 34. f3 Qg3+ 35. Kh1 Nxc4 36. Bxc4 Rxc4 37. Qd2 Rd4 38. fxe4 Qxa3 39. Qh2 $19 Qf3+ 40. Kg1 f4 0-1

[Event "Moscow Open-F 2019"]
[Site "Moscow"]
[Date "2019.01.31"]
[Round "7"]
[White "Antonov, Andrey P."]
[Black "Velichko, Arseny"]
[Result "1/2-1/2"]
[ECO "C01"]
[WhiteElo "2150"]
[BlackElo "2223"]
[Annotator "NA"]
[PlyCount "137"]
[EventDate "2019.01.26"]
[EventType "swiss"]
[EventCountry "RUS"]
[SourceTitle "playchess.com"]
[Source "ChessBase"]
[SourceQuality "1"]
[TimeControl "40/5400+30:1800+30"]

1. e4 e6 2. d4 d5 3. exd5 exd5 4. Nf3 Bd6 5. c4 dxc4 6. Bxc4 Nf6 7. Qe2+ {[%emt 0:00:20] D20: Queen's Gambit Accepted: 3 e3 and 3 e4} Qe7 8. Qxe7+ Bxe7 9. O-O O-O 10. Nc3 (10. Re1 Bd6 11. Nc3 a6 12. Bg5 Nbd7 13. a4 h6 14. Bh4 g5 15. Bg3 Kg7 16. Bb3 Re8 17. Ne5 Re7 {½-½ (17) Li,C (2724)-Alekseenko,K (2625) Qinhuangdao 2018}) 10... c6 11. Re1 Bd6 12. Bg5 Nbd7 13. Bb3 h6 14. Bh4 a5 $146 ({Predecessor:} 14... b6) 15. Rad1 g5 16. Bg3 Bxg3 17. hxg3 Nb6 18. a4 Bd7 19. Re5 Rfe8 20. Rde1 Kf8 21. Nd2 Nfd5 22. Nde4 f6 23. Rxe8+ Rxe8 24. Kf1 Nxc3 25. bxc3 Bf5 26. Nc5 Bc8 27. c4 Nd7 28. Ne6+ Kg8 29. c5 Kh8 30. Nc7 Rxe1+ 31. Kxe1 Nf8 32. Kd2 Bd7 33. Kc3 Kg7 34. d5 f5 35. d6 Kf6 36. Kd4 h5 (36... f4 $11) 37. f4 gxf4 38. gxf4 Ng6 39. Ke3 Nh4 40. Kf2 ({White should play} 40. g3 Ng6 41. Na8) 40... Ng6 41. Kg3 h4+ 42. Kf3 Nf8 43. Ke3 Nh7 44. Na8 Be6 45. Bxe6 Kxe6 46. Nb6 Nf6 47. Nc4 Nd5+ $1 48. Kf3 Nc3 49. Nxa5 Nxa4 50. Nxb7 Kd7 51. Ke3 Kc8 52. Na5 Nxc5 53. Nxc6 Kd7 54. Nd4 h3 55. gxh3 Kxd6 56. Nxf5+ Ke6 57. Nd4+ Kf6 58. Kf3 Nd7 59. h4 Kg6 60. Ke4 Kh5 61. Nf3 Nf6+ 62. Ke5 $11 Ng4+ 63. Ke6 Nh6 64. Kf6 Kg4 65. Kg6 Nf5 66. h5 Kxf4 67. Kf6 Kg4 68. Ne5+ Kxh5 69. Kxf5 1/2-1/2

[Event "Moscow Open-F 2019"]
[Site "Moscow"]
[Date "2019.01.31"]
[Round "7"]
[White "Jaiswal, Rupesh"]
[Black "Indzhiev, Aldar"]
[Result "1-0"]
[ECO "A46"]
[WhiteElo "2141"]
[BlackElo "2218"]
[Annotator "NA"]
[PlyCount "141"]
[EventDate "2019.01.26"]
[EventType "swiss"]
[EventCountry "RUS"]
[SourceTitle "playchess.com"]
[Source "ChessBase"]
[SourceQuality "1"]
[TimeControl "40/5400+30:1800+30"]

1. d4 Nf6 2. Nf3 e6 3. Bf4 b6 4. e3 Bb7 5. Bd3 Be7 6. h3 Ne4 7. Nbd2 f5 8. Bxe4 fxe4 9. Ng5 Bxg5 10. Qh5+ {Double Attack} g6 11. Qxg5 Qxg5 12. Bxg5 O-O 13. h4 Kg7 14. Bf4 d6 15. h5 gxh5 16. Rxh5 Rf5 17. Rh4 Nd7 18. O-O-O h5 19. f3 Nf6 20. g4 Rxf4 (20... Ra5 $16) 21. exf4 e3 22. Ne4 $1 Nxe4 23. fxe4 hxg4 24. Rxg4+ Kf6 {[#]} 25. f5 $1 exf5 26. Rf1 e2 27. Rxf5+ Ke6 28. Rg6+ Kd7 29. Rg7+ Ke6 30. Kd2 Bxe4 31. Rff7 Kd5 32. c3 ({Don't take} 32. Kxe2 Bxc2 33. Rxc7 Re8+ 34. Kd2 Be4 $18) 32... Rh8 33. Kxe2 c5 34. Rg5+ Kc4 35. dxc5 bxc5 36. Rxa7 Rh2+ 37. Ke3 Bb1 (37... d5 $142 38. Ra4+ Kb5) 38. Rg4+ Kd5 $18 39. Rb7 Bxa2 40. Rb6 Rh3+ 41. Kf4 Rh6 42. Rg1 Rf6+ 43. Kg5 Rf2 44. Ra1 Bc4 45. Rd1+ Ke5 46. Rdxd6 Rg2+ 47. Kh4 Bb3 48. Rg6 Rxb2 49. Rg5+ Kf4 50. Rf6+ Ke4 51. Rxc5 Rg2 52. Rd6 Bc2 53. Rg5 Rf2 54. Rd4+ Ke3 55. Re5+ Kf3 56. Kg5 Rg2+ 57. Kf6 Rg6+ 58. Ke7 Rc6 59. c4 Ba4 60. c5 Bb5 61. Rd6 Rc8 62. Rd8 Rc6 63. Rf8+ Kg4 64. Rf6 Rc8 65. Rb6 Kf4 66. Rxb5 Kxe5 67. c6+ Kd4 68. Kd7 Rh8 69. c7 Kc4 70. Re5 Kd4 71. Re8 1-0

[Event "Moscow Open-F 2019"]
[Site "Moscow"]
[Date "2019.01.31"]
[Round "7"]
[White "Volobuev, Vladimir"]
[Black "Matyunin, Maxim"]
[Result "1-0"]
[ECO "C02"]
[WhiteElo "1954"]
[BlackElo "2218"]
[Annotator "NA"]
[PlyCount "83"]
[EventDate "2019.01.26"]
[EventType "swiss"]
[EventCountry "RUS"]
[SourceTitle "playchess.com"]
[Source "ChessBase"]
[SourceQuality "1"]
[TimeControl "40/5400+30:1800+30"]

1. e4 e6 2. d4 d5 3. e5 c5 4. c3 Qb6 5. Nf3 Bd7 6. Bd3 Bb5 7. O-O $146 ({Predecessor:} 7. dxc5 Bxc5 8. b4 Bxd3 9. Qxd3 Be7 10. O-O {1-0 (42) Shabalov,A (2623)-Volkov,S (2630) playchess.com INT 2004}) 7... Bxd3 8. Qxd3 Nc6 9. dxc5 Bxc5 10. b4 {[%emt 0:00:32] C02: French: Advance Variation} Be7 11. a4 Rc8 12. Na3 f6 ({Predecessor:} 12... Qd8 13. Be3 Nh6 14. Bxh6 gxh6 15. Qe3 Bf8 16. c4 {1-0 (42) Shabalov,A (2623)-Volkov,S (2630) playchess.com INT 2004}) 13. Bf4 fxe5 14. Nxe5 Nxe5 15. Bxe5 Nf6 16. a5 Qc6 (16... Qd8 $16) 17. Nb5 a6 {[%emt 0:06:29] [#]} 18. Nd4 (18. Na7 $1 $18 Qc4 19. Qh3) 18... Qd7 (18... Qxc3 $14 19. Qxc3 Rxc3) 19. f3 O-O 20. Rfe1 Rfe8 21. Ra2 Rc4 22. Rae2 Rec8 23. Nxe6 Qxe6 $2 (23... d4 {keeps fighting.}) 24. Bxf6 Qxf6 25. Rxe7 $18 Rxc3 26. Qxd5+ Kf8 27. Qd7 Qg6 28. R7e6 Qh5 29. Qxb7 Rc1 30. Qxa6 Qd5 31. Qe2 Qd4+ 32. Kh1 Rxe1+ 33. Qxe1 Qb2 34. Qh4 Qd2 35. Qe7+ Kg8 36. Re1 h6 37. h3 Rc2 38. Qe8+ Kh7 39. Qe4+ Kg8 40. f4 Ra2 41. f5 g5 42. Qe8+ 1-0

[Event "Moscow Open-F 2019"]
[Site "Moscow"]
[Date "2019.01.31"]
[Round "7"]
[White "Dziov, Igor"]
[Black "Derevianchenko, Ilia"]
[Result "0-1"]
[ECO "B00"]
[WhiteElo "1904"]
[BlackElo "2339"]
[Annotator "NA RC"]
[PlyCount "88"]
[EventDate "2019.01.26"]
[EventType "swiss"]
[EventCountry "RUS"]
[SourceTitle "playchess.com"]
[Source "ChessBase"]
[SourceQuality "1"]
[TimeControl "40/5400+30:1800+30"]

1. e4 d6 2. d4 g6 3. Be3 Bg7 4. Qd2 e5 5. Ne2 Nc6 6. d5 (6. Nbc3 $16) 6... Nce7 7. f3 f5 8. Nbc3 Nf6 9. h3 f4 (9... b5 $15) 10. Nxf4 (10. Bf2 $14) 10... exf4 11. Bxf4 O-O 12. g4 Nd7 13. O-O-O Ne5 14. Be2 Rf7 15. Nb5 {[%emt 0:12:59] [#]} Kh8 (15... Nxf3 $1 $17 16. Bxf3 a6 17. Nxd6 cxd6) 16. h4 {[%emt 0:05:23] [#]} (16. Rhf1 $15) 16... Ng8 (16... Nxf3 $1 $17 17. Bxf3 Qf8) 17. h5 {[%emt 0:01:25] [#]} Rxf4 $1 18. h6 $2 (18. Qxf4 $2 {too greedy.} Bh6 $19) (18. g5 Qxg5 19. Nxc7) 18... Bf6 19. Kb1 Bg5 20. Qc3 Rf7 21. Rdf1 a6 22. Nd4 Qf6 23. a3 Bxh6 24. Rh2 Bf4 25. Rh3 c5 26. Nb3 b5 27. Rfh1 {[%emt 0:00:39] [#]} Nc4 $1 28. Qxf6+ Nxf6 29. Bxc4 bxc4 30. Na5 c3 31. b3 Kg7 32. Nc4 h5 33. Rg1 hxg4 34. fxg4 Nxe4 35. Ka2 Bb7 36. Rgh1 Bxd5 37. Rh7+ Kf6 38. Nb6 Rxh7 39. Rxh7 Bg8 40. Rc7 Re8 41. Ra7 Nd2 42. Rxa6 Re2 43. Nd7+ Kg5 44. Ka1 Bxb3 0-1

[Event "Moscow Open-F 2019"]
[Site "Moscow"]
[Date "2019.01.31"]
[Round "7"]
[White "Bazarov, Vladimir"]
[Black "Khudyakov, Stanislav"]
[Result "1/2-1/2"]
[ECO "C05"]
[WhiteElo "1800"]
[BlackElo "2126"]
[Annotator "NA"]
[PlyCount "107"]
[EventDate "2019.01.26"]
[EventType "swiss"]
[EventCountry "RUS"]
[SourceTitle "playchess.com"]
[Source "ChessBase"]
[SourceQuality "1"]
[TimeControl "40/5400+30:1800+30"]

1. e4 e6 2. d4 d5 3. Nd2 Nf6 4. e5 Nfd7 5. Bd3 c5 6. c3 {[%emt 0:00:08] LiveBook: 7779 Games} Nc6 7. Ndf3 Be7 8. Ne2 O-O 9. O-O f6 10. Nf4 ({White should try} 10. exf6 $14 Nxf6 11. Bf4) 10... Ndxe5 $1 11. Bxh7+ Kxh7 12. Qc2+ Kg8 13. dxe5 fxe5 14. Ng6 Rf5 15. Nxe7+ Qxe7 16. h4 e4 17. Ng5 Ne5 18. f3 {[%emt 0:29:49] [#]} exf3 (18... Bd7 $1 $19 19. fxe4 Rxf1+ 20. Kxf1 Bb5+ 21. Kg1 Bd3) 19. Bf4 Nf7 ({Black should play} 19... fxg2 $17 20. Qxg2 Nf7) 20. Rxf3 e5 21. Bd2 ({White should play} 21. Re1 $11) 21... e4 22. Rxf5 Bxf5 23. Rf1 {[%emt 0:01:32] [#]} Bg6 (23... Nh6 $142 $1 24. Be3 b6) 24. Nxf7 $17 Bxf7 25. Bg5 Qd7 26. c4 d4 27. Qxe4 Bxc4 28. Rf5 Re8 29. Re5 Rxe5 30. Qxe5 b6 31. a3 Bf7 32. Qe4 Bd5 33. Qe2 c4 34. Bd2 Qf5 35. Bg5 Bf7 36. Qd2 Qe4 37. Kf1 Bh5 38. Kg1 Kh7 39. Kh2 Be8 40. Qf4 Qd5 41. Qf3 Qe6 42. Qf4 d3 43. Qf2 Bc6 44. Bd2 Qe5+ 45. Bf4 Qf6 46. Kg1 b5 47. Be3 Qg6 48. Bd2 Qg4 49. Bc3 a6 50. Kh2 Bd5 51. Qg3 Qd7 52. Qg5 Bb7 53. h5 Be4 54. Kg1 1/2-1/2

[Event "Moscow Open-F 2019"]
[Site "Moscow"]
[Date "2019.02.01"]
[Round "8"]
[White "Velichko, Arseny"]
[Black "Bazarov, Vladimir"]
[Result "1-0"]
[ECO "D11"]
[WhiteElo "2223"]
[BlackElo "1800"]
[Annotator "ChessBase"]
[PlyCount "143"]
[EventDate "2019.01.26"]
[EventType "swiss"]
[EventCountry "RUS"]
[SourceTitle "playchess.com"]
[Source "ChessBase"]
[SourceQuality "1"]
[TimeControl "40/5400+30:1800+30"]

1. d4 d5 2. c4 c6 3. Nf3 Nf6 4. e3 Bg4 5. Qb3 Qb6 6. Nc3 dxc4 7. Bxc4 Qxb3 8. Bxb3 e6 9. O-O Nbd7 10. e4 Bb4 11. Bc2 O-O 12. a3 Ba5 13. Be3 Rac8 14. b4 Bc7 15. h3 Bxf3 16. gxf3 e5 17. Ne2 Bb6 18. f4 exd4 19. Nxd4 g6 20. Rfd1 c5 21. bxc5 Nxc5 22. e5 Nd5 23. Nf5 Nxe3 24. Ne7+ Kg7 25. fxe3 Rcd8 26. Nd5 Rd7 27. Nxb6 Rxd1+ 28. Rxd1 axb6 29. Rd4 Rc8 30. Bd1 Ne6 31. Rd3 Rc1 32. Kf2 Nc5 33. Rd4 b5 34. Be2 Rc3 35. Bxb5 Rxa3 36. Kf3 Rb3 37. Bc4 Rb2 38. Rd5 b6 39. Rd6 Rc2 40. Bd5 Rd2 41. h4 h5 42. e4 Rd3+ 43. Ke2 Rd4 44. Kf3 Rd3+ 45. Kg2 Rd2+ 46. Kf1 Rd1+ 47. Ke2 Rd4 48. Rf6 Nxe4 49. Rxf7+ Kg8 50. Be6 Nc5 51. Ba2 Kh8 52. Bb1 b5 53. Bxg6 b4 54. Ke3 Rc4 55. Re7 b3 56. f5 Rg4 57. Re8+ Kg7 58. Bxh5 b2 59. f6+ Kh7 60. Rb8 Re4+ 61. Kf3 Rxe5 62. Bg4 Kg6 63. Rxb2 Kxf6 64. Rb6+ Ne6 65. h5 Kf7 66. h6 Nf8 67. Kg3 Kg8 68. Kf4 Re7 69. Bf5 Rc7 70. Rb8 Re7 71. h7+ Kg7 72. Rxf8 1-0

[Event "Moscow Open-F 2019"]
[Site "Moscow"]
[Date "2019.02.02"]
[Round "9"]
[White "Mamatov, Melis"]
[Black "Tekeyev, Zaur"]
[Result "1/2-1/2"]
[ECO "B32"]
[WhiteElo "2203"]
[BlackElo "2392"]
[Annotator "RC"]
[PlyCount "110"]
[EventDate "2019.01.26"]
[EventType "swiss"]
[EventCountry "RUS"]
[SourceTitle "playchess.com"]
[Source "ChessBase"]
[SourceQuality "1"]
[TimeControl "40/5400+30:1800+30"]

1. e4 c5 2. Nf3 Nc6 3. d4 cxd4 4. Nxd4 e5 5. Nb5 d6 6. g3 Be7 7. Be3 Nf6 8. Bg2 Be6 9. N5c3 Ng4 10. Bc1 Bg5 11. Bxg5 Qxg5 12. Nd2 O-O 13. Nf3 Qd8 14. Qd2 Rc8 15. O-O Qa5 16. Rfd1 Rfd8 17. Nd5 Qxd2 18. Rxd2 Bxd5 19. exd5 Na5 20. c3 g6 21. Rdd1 Nc4 22. Rab1 b5 23. Nd2 f5 24. Nxc4 Rxc4 25. Bf1 Rc5 26. a4 bxa4 27. Ra1 Rb8 28. Rd2 e4 29. Rxa4 a5 30. Kg2 Kg7 31. Be2 Nf6 32. f3 e3 33. Rc2 Rxd5 34. b4 axb4 35. cxb4 Rb7 36. b5 Re5 37. Rc6 Nd5 38. Rd4 f4 39. gxf4 Rf5 40. Kg3 Rbf7 41. Bc4 Nc3 42. Bd3 e2 43. Kf2 Re7 44. Be4 Nxb5 45. Rb4 d5 46. Rxb5 Rxf4 47. Rxd5 Rexe4 48. Rc1 e1=Q+ 49. Rxe1 Rxe1 50. Kxe1 Rxf3 51. Rd4 Kf6 52. Rh4 h5 53. Ke2 Kg5 54. Rxh5+ Kxh5 55. Kxf3 Kh4 1/2-1/2